 Dungeon Crawl Stone Soup version 0.30-a0-802-gb92711bcdf (webtiles) character file.

Game seed: 2334015471625597521

242 cforsyth the Sneak (level 6, 0/55 HPs)
             Began as a Kobold Brigand on Feb 24, 2023.
             Killed from afar by a dart slug (2 damage)
             ... with a slug dart
             ... on level 2 of the Dungeon.
             The game lasted 00:02:46 (1590 turns).

cforsyth the Sneak (Kobold Brigand)                 Turns: 1590, Time: 00:02:46

Health: 0/55       AC: 23    Str:  9    XL:     6   Next: 30%
Magic:  6/6        EV:  3    Int: 12    God:
Gold:   136        SH:  0    Dex: 18    Spells: 5/5 levels left

rFire   . . .      SeeInvis .    a - +2 dagger
rCold   . . .      Faith    .    (no shield)
rNeg    . . .      Spirit   .    (body armour currently unavailable)
rPois   +          Reflect  .    (helmet currently unavailable)
rElec   .          Harm     .    (cloak currently unavailable)
rCorr   .          Rampage  .    (gloves currently unavailable)
Will    .....      NoTele   +    (boots currently unavailable)
Stlth   +++++                    (no amulet)
HPRegen 0.29/turn                (no ring)
MPRegen 0.10/turn                (no ring)

@: tree-form (expiring)
A: stationary, stasis, torment immunity, boosted hp, small, no large weapons,
nightstalker 3
a: no special abilities


You were on level 2 of the Dungeon.
You were a tree.
You visited 1 branch of the dungeon, and saw 2 of its levels.

You collected 136 gold pieces.

Inventory:

Hand Weapons
 a - a +2 dagger (weapon)
Missiles
 d - 9 poisoned darts (quivered)
 e - 3 curare-tipped darts
Armour
 b - a +0 robe (melded)
 c - a +0 cloak (melded)
 p - a +1 pair of boots (melded)
 q - a scarf of invisibility
Jewellery
 o - a ring of fire
Wands
 r - a wand of quicksilver (11)
Scrolls
 j - a scroll of brand weapon {unknown}
 k - 2 scrolls of identify {unknown}
 l - a scroll of blinking {unknown}
 n - a scroll of immolation {unknown}
Potions
 f - a potion of lignification
 g - a potion of berserk rage {unknown}
 m - a potion of attraction {unknown}


   Skills:
 + Level 3.5 Fighting
 + Level 4.3 Short Blades
 + Level 3.6 Throwing
 + Level 3.2 Dodging
 + Level 6.4 Stealth


You had 5 spell levels left.
You didn't know any spells.
Your spell library was empty.

Dungeon Overview and Level Annotations

Branches:
Dungeon (2/15)

Altars:

Shops:
D:1 (

Annotations:
D:2 Natasha


Innate Abilities, Weirdness & Mutations

You are a tree.
Your roots penetrate the ground, keeping you stationary.
You cannot be teleported.
You are immune to unholy pain and torment.
Your maximum health is greatly increased.
Your equipment is partially melded.
You are small and have problems with some larger weapons.
You are completely attuned to the shadows.


Message History

You barely miss the adder.
The adder is severely wounded.
Natasha howls an incantation.
You feel disoriented. The adder bites you but does no damage.
The dart slug bites you but does no damage.
You barely miss the adder.
The adder is severely wounded.
The adder bites you but does no damage.
Natasha howls an incantation.
You feel troubled. The adder bites you but does no damage.
The dart slug bites you but does no damage.
You closely miss the adder.
The adder is severely wounded.
The adder bites you but does no damage. x2
You hit the adder.
The adder is almost dead.
The dart slug bites you but does no damage.
The adder bites you but does no damage.
You hit the adder but do no damage.
The adder is almost dead.
The adder bites you but does no damage. The dart slug launches a dart at you.
The slug dart hits you but does no damage.
The adder bites you but does no damage.
You barely miss the adder.
The adder is almost dead.
The adder completely misses you.
Natasha mumbles some strange words.
The dart slug launches a dart at you.
The slug dart hits you but does no damage.
You hit the adder.
You kill the adder!
You feel yourself speed up.
Natasha zaps a wand.
The bolt of dispelling energy hits you!
Your magical effects are unravelling.
* * * LOW HITPOINT WARNING * * *
The dart slug launches a dart at you. The slug dart hits you.
You die...

# #...# # #####...####
###...........
..............
###........... ###
#####...#### #.... <
#...# # #.#.#.# ###
#...# #.#.#.#.# ..#
##...####.#♣#...#.
#.####.........!w.h....
#..............#[##.##.
#.####.........#†...5.
#.####.........#.##.###
...................#w .
#..............#.#.##.#
#..[.....†.....#.).....
.............. ###.####


You could see Natasha, a crimson imp (summoned) and a dart slug.

Vanquished Creatures
  Sigmund (D:2)
  Natasha (D:2)
  3 adders (D:2)
  3 dart slugs
  2 bats (D:1)
  5 endoplasms
  3 giant cockroaches
  2 goblins
  2 hobgoblins
  4 jackals (D:1)
  5 ball pythons
  3 frilled lizards
  6 kobolds
  5 rats
45 creatures vanquished.

Notes
Turn   | Place    | Note
-------+----------+-------------------------------------------
     0 | D:1      | cforsyth the Kobold Brigand began the quest for the Orb.
     0 | D:1      | Reached XP level 1. HP: 12/12 MP: 1/1
    52 | D:1      | Found Xozxe's Antique Weapon Shoppe.
   222 | D:1      | Reached XP level 2. HP: 18/18 MP: 2/2
   709 | D:1      | Reached XP level 3. HP: 20/22 MP: 3/3
  1177 | D:2      | Noticed Sigmund
  1181 | D:2      | Killed Sigmund
  1182 | D:2      | Reached skill level 6 in Stealth
  1182 | D:2      | Reached XP level 4. HP: 28/28 MP: 4/4
  1182 | D:2      | Reached XP level 5. HP: 32/32 MP: 5/5
  1193 | D:2      | Reached XP level 6. HP: 37/37 MP: 6/6
  1201 | D:2      | Noticed Natasha
  1218 | D:2      | Killed Natasha
  1561 | D:2      | Noticed Natasha
  1590 | D:2      | HP: 2/55 [Natasha/bolt of dispelling energy (14)]
  1590 | D:2      | Killed from afar by a dart slug

Illustrated notes

Levels and vault maps discovered:
D:1:      minmay_arrival_loop, layout_basic, serial_shops, shop
D:2:      layout_loops_cross, minmay_cut_off, uniq_sigmund, uniq_natasha

Skill      XL: |  1  2  3 |
---------------+----------+-----
Short Blades   | 3 4 |  4.3
Dodging        | 3 |  3.2
Fighting       | 3 |  3.5
Throwing       | 3 |  3.6
Stealth        | 6 |  6.4

Action                     |  1- 3 |  4- 6 || total
---------------------------+-------+-------++-------
  Melee: Dagger            |    71 |    65 ||   136
         Punch             |     1 |     1 ||     2
    Use: Potion            |       |     3 ||     3
   Stab: Sleeping          |    13 |     6 ||    19
         Distracted        |       |     1 ||     1
 Armour: Robe              |    20 |    11 ||    31
         Skin              |       |    31 ||    31
  Dodge: Dodged            |    55 |    38 ||    93

Table legend: (Time is in decaauts)
 A = Elapsed time spent in this place.
 B = Non-inter-level travel time spent in this place.
 C = Inter-level travel time spent in this place.
 D = Time resting spent in this place.
 E = Time spent auto-exploring this place.
 F = Levels seen in this place.
 G = Mean time per level.
                   A        B        C        D        E       F      G
               +--------+--------+--------+--------+--------+-----+--------+
         Total |   1574 |   1522 |     52 |      0 |   1217 |   2 |  787.0 |
       Dungeon |   1574 |   1522 |     52 |      0 |   1217 |   2 |  787.0 |
               +--------+--------+--------+--------+--------+-----+--------+

Top non-repeatable levels by time:
     D:1: 1038 daAuts
     D:2: 535 daAuts
